 Dungeon Crawl Stone Soup version 0.30-a0-358-g0d69a1922f (webtiles) character file.

Game seed: 3656124542010326823

24 Maxmaps the Insei (level 3, -11/25 HPs)
             Began as an Octopode Transmuter on Nov 10, 2022.
             Mangled by Crazy Yiuf
             ... wielding a +4 quarterstaff of chaos
              (15 damage)
             ... on level 2 of the Dungeon.
             The game lasted 00:00:54 (1288 turns).

Maxmaps the Insei (Octopode Transmuter)             Turns: 1288, Time: 00:00:55

Health: -11/25     AC:  1    Str:  9    XL:     3   Next: 2%
Magic:  6/6        EV: 12    Int: 17    God:
Gold:   149        SH:  3    Dex: 12    Spells: 5/6 levels left

rFire   . . .      SeeInvis .      - Unarmed
rCold   . . .      Faith    .    i - +0 buckler
rNeg    . . .      Spirit   .    (helmet restricted)
rPois   .          Reflect  .    (no amulet)
rElec   .          Harm     .    (no ring)
rCorr   .          Rampage  .    (no ring)
Will    .....                    (no ring)
Stlth   ++........               (no ring)
HPRegen 0.24/turn                (no ring)
MPRegen 0.10/turn                (no ring)
                                 (no ring)
                                 (no ring)

@: no status effects
A: almost no armour, amphibious, 8 rings, camouflage 1, gelatinous body 1,
(nimble swimmer 1), tentacles
a: no special abilities


You were on level 2 of the Dungeon.
You visited 1 branch of the dungeon, and saw 2 of its levels.

You collected 149 gold pieces.

Inventory:

Armour
 i - a +0 buckler (worn)
Jewellery
 k - an amulet of guardian spirit
 m - an amulet of the acrobat
Scrolls
 b - a scroll of amnesia {unknown}
 f - 4 scrolls of identify {unknown}
 g - 2 scrolls of fear {unknown}
 j - a scroll of magic mapping {unknown}
 l - a scroll of immolation {unknown}
 n - a scroll of teleportation {unknown}
Potions
 a - a potion of lignification
 c - a potion of magic {unknown}
 d - a potion of haste {unknown}
 e - a potion of heal wounds {unknown}
 h - a potion of mutation {unknown}


   Skills:
 + Level 2.8 Fighting
 - Level 2.0 Dodging
 - Level 3.0 Unarmed Combat
 - Level 2.0 Spellcasting
 - Level 2.0 Transmutations


You had 5 spell levels left.
You knew the following spells:

 Your Spells              Type           Power      Damage    Failure   Level
a - Beastly Appendage     Tmut           16%        N/A       12%         1

Your spell library contained the following spells:

 Spells                   Type           Power      Damage    Failure   Level
 Wereblood                Tmut           8%         N/A       17%         2
 Apportation              Tloc           2%         N/A       26%         1
 Necrotise                Necr           4%         1d4       26%         1
 Summon Small Mammal      Summ           4%         N/A       26%         1
 Passwall                 Tmut/Erth      4%         N/A       26%         2
 Ensorcelled Hibernation  Hex/Ice        2%         N/A       36%         2
 Spider Form              Tmut/Pois      5%         N/A       45%         3
 Summon Guardian Golem    Hex/Summ       1%         N/A       61%         3
 Swiftness                Air            1%         N/A       61%         3
 Ice Form                 Ice/Tmut       5%         N/A       86%         4
 Orb of Destruction       Conj           0%         9d5       100%        7
 Spellforged Servitor     Conj/Summ      0%         N/A       100%        7


Dungeon Overview and Level Annotations

Branches:
Dungeon (2/15)

Altars:

Shops:
D:1 (

Annotations:
D:2 Crazy Yiuf


Innate Abilities, Weirdness & Mutations

You cannot wear most types of armour.
You are amphibious.
You can wear up to eight rings at the same time.
Your skin changes colour to match your surroundings (Stealth+).
Your rubbery body absorbs attacks. (AC +1, EV +1)
((You are camouflaged when in or above water. (Stealth+)))
You have tentacles for arms and can constrict up to eight enemies at once.


Message History

Found an escape hatch in the ceiling.
No target in view!
Found a stone staircase leading down.
No target in view!
n - a scroll labelled TEATUU XISCHED
There is an escape hatch in the ceiling here.
There is a stone staircase leading up here.
There is an escape hatch in the floor here.
Key pressed, stopping explore.
No target in view!
Crazy Yiuf shouts!
No reachable target in view!
Could not explore, unopened runed door.
No reachable target in view!
No reachable target in view!
You open the door.
Crazy Yiuf says, "Rot!
Rifle poople alas."
You closely miss Crazy Yiuf. Your grab misses Crazy Yiuf.
You squeeze Crazy Yiuf.
Crazy Yiuf is moderately wounded.
Crazy Yiuf hits you with a +4 quarterstaff of chaos!
You tentacle-slap Crazy Yiuf but do no damage.
You grab Crazy Yiuf. You squeeze Crazy Yiuf.
Crazy Yiuf is heavily wounded.
You constrict Crazy Yiuf.
Crazy Yiuf hits you with a +4 quarterstaff of chaos!
* * * LOW HITPOINT WARNING * * *
Crazy Yiuf burns you.
* * * LOW HITPOINT WARNING * * *
You tentacle-slap Crazy Yiuf but do no damage.
Crazy Yiuf is severely wounded.
You constrict Crazy Yiuf.
Crazy Yiuf grits, "Ghoul sing-song foot!"
Crazy Yiuf barely misses you.
You tentacle-slap Crazy Yiuf.
Crazy Yiuf is severely wounded.
You constrict Crazy Yiuf.
Crazy Yiuf hits you with a +4 quarterstaff of chaos!
Ouch! That really hurt!
You die...

##### #)..#
# #...# ####
...
########...
#g#
#........##
#@##
#.######.##
##.# #.#
###...# #.##
#.# #......
##.# #.#
#.#...#
##.##
#.###.#...#
##.#.#
#.#........
#....#
#.#.#.#...#
#'..+#
##........##
#....#
#....#.####


You could see Crazy Yiuf.

Vanquished Creatures
  An adder zombie (D:2)
  A dart slug (D:1)
  An endoplasm (D:1)
  2 giant cockroaches (D:2)
  2 hobgoblins (D:1)
  3 ball pythons (D:1)
  A ball python skeleton (D:2)
  3 bats
  3 frilled lizards
  2 goblins
  A kobold (D:1)
  A rat (D:1)
21 creatures vanquished.

Notes
Turn   | Place    | Note
-------+----------+-------------------------------------------
     0 | D:1      | Maxmaps the Octopode Transmuter began the quest for the
                  | Orb.
     0 | D:1      | Reached XP level 1. HP: 13/13 MP: 3/3
    22 | D:1      | Found a faded altar of an unknown god.
   166 | D:1      | Found Beotheo's Weapon Boutique.
   342 | D:1      | Reached XP level 2. HP: 18/19 MP: 5/5
   944 | D:2      | Found a runed translucent door.
   945 | D:2      | Noticed Crazy Yiuf
  1125 | D:2      | Reached XP level 3. HP: 25/25 MP: 6/6
  1288 | D:2      | Mangled by Crazy Yiuf

Illustrated notes

Levels and vault maps discovered:
D:1:      amcnicky_arrival_flooded_fountain, layout_loops_ring,
          chequers_ecumenical_altar_simple, serial_shops, shop
D:2:      layout_loops_ring, serial_undead, serial_undead_e, serial_undead_a,
          serial_undead_e, serial_undead_f, uniq_crazy_yiuf_cottage

Skill      XL: |  1 |
---------------+----+-----
Fighting       | 2 |  2.8
Dodging        | |  2.0
Unarmed Combat | |  3.0
Spellcasting   | |  2.0
Transmutations | |  2.0

Action                   || total
-------------------------++-------
Melee: Unarmed           ||    56
       Constrict         ||    14
       Tentacles         ||    12
 Stab: Sleeping          ||     2
Armor: Skin              ||    10
Dodge: Dodged            ||    29
Block: Buckler           ||     4

Table legend: (Time is in decaauts)
 A = Elapsed time spent in this place.
 B = Non-inter-level travel time spent in this place.
 C = Inter-level travel time spent in this place.
 D = Time resting spent in this place.
 E = Time spent auto-exploring this place.
 F = Levels seen in this place.
 G = Mean time per level.
                   A        B        C        D        E       F      G
               +--------+--------+--------+--------+--------+-----+--------+
         Total |   1285 |   1262 |     23 |     91 |   1003 |   2 |  642.5 |
       Dungeon |   1285 |   1262 |     23 |     91 |   1003 |   2 |  642.5 |
               +--------+--------+--------+--------+--------+-----+--------+

Top non-repeatable levels by time:
     D:1: 695 daAuts
     D:2: 590 daAuts
